 Dungeon Crawl Stone Soup version 0.30-a0-187-gd9c2deaf24 (webtiles) character file.

Game seed: 17088012780467655339

681 pokeman the Thaumaturge (level 7, -5/38 HPs)
             Began as a Deep Elf Hedge Wizard on Oct 3, 2022.
             Killed by nerve-wracking pain
             ... invoked by Menkaure
              (11 damage)
             ... on level 4 of the Dungeon.
             The game lasted 00:09:30 (4572 turns).

pokeman the Thaumaturge (Deep Elf Hedge Wizard)     Turns: 4572, Time: 00:09:31

Health: -5/38      AC:  7    Str:  7    XL:     7   Next: 34%
Magic:  15/20      EV: 12    Int: 21    God:
Gold:   144        SH:  0    Dex: 14    Spells: 14/22 levels left

rFire   . . .      SeeInvis .    w - +0 halberd (freeze)
rCold   . . .      Faith    .    (shield currently unavailable)
rNeg    . . .      Spirit   .    v - +0 leather armour
rPois   .          Reflect  .    A - +0 helmet
rElec   .          Harm     .    (no cloak)
rCorr   .          Rampage  .    (no gloves)
Will    .....                    t - +2 pair of boots
Stlth   ++........               (no amulet)
HPRegen 0.26/turn                (no ring)
MPRegen 0.17/turn                (no ring)

@: no status effects
A: no striking features
a: no special abilities


You were on level 4 of the Dungeon.
You visited 1 branch of the dungeon, and saw 4 of its levels.

You collected 144 gold pieces.

Inventory:

Hand Weapons
 w - a +0 halberd of freezing (weapon)
Armour
 t - a +2 pair of boots (worn)
 v - a +0 leather armour (worn)
 A - a +0 helmet (worn)
Jewellery
 i - an amulet of guardian spirit
Wands
 b - a wand of polymorph (14)
 y - a wand of paralysis (8)
Scrolls
 a - a scroll of immolation {unknown}
 f - a scroll of fog {unknown}
 g - a scroll of silence {unknown}
 h - a scroll of noise {unknown}
 j - 2 scrolls of poison {unknown}
 m - a scroll of magic mapping {unknown}
 p - a scroll of acquirement {unknown}
 r - 2 scrolls of amnesia {unknown}
 s - a scroll of fear {unknown}
 x - a scroll of identify {unknown}
Potions
 c - a potion of berserk rage {unknown}
 d - a potion of magic
 e - 2 potions of attraction {unknown}
 k - a potion of curing {unknown}
 l - a potion of ambrosia {unknown}
 n - 2 potions of degeneration {unknown}
 o - 2 potions of heal wounds {unknown}
 q - 2 potions of flight {unknown}
 u - a potion of lignification {unknown}
 z - a potion of brilliance {unknown}


   Skills:
 + Level 1.6 Fighting
 - Level 1.1 Armour
 - Level 4.0 Dodging
 - Level 3.0 Stealth
 * Level 8.1 Spellcasting
 + Level 3.9 Conjurations
 - Level 1.1 Summonings
 - Level 1.1 Translocations
 - Level 2.0 Air Magic
 - Level 1.2 Poison Magic


You had 14 spell levels left.
You knew the following spells:

 Your Spells              Type           Power      Damage    Failure   Level
a - Magic Dart            Conj           96%        1d7       2%          1
b - Mephitic Cloud        Conj/Pois/Air  18%        N/A       13%         3
c - Call Imp              Summ           13%        N/A       11%         2
d - Blink                 Tloc           26%        N/A       11%         2

Your spell library contained the following spells:

 Spells                   Type           Power      Damage    Failure   Level
 Cigotuvi's Dreadful Rot  Necr/Pois/Air  26%        N/A       11%         2
 Freeze                   Ice            32%        1d5       12%         1
 Slow                     Hex            32%        N/A       12%         1
 Hailstorm                Conj/Ice       16%        3d6       16%         3
 Frozen Ramparts          Ice            16%        1d3       34%         3


Dungeon Overview and Level Annotations

Branches:
Dungeon (4/15)
 Temple: D:4-7

Altars:

Annotations:
D:4 Menkaure


Message History

A beastly little devil appears in a puff of flame.
The endoplasm freezes you.
You are frozen.
Menkaure barely misses your crimson imp.
You hit the endoplasm. You freeze the endoplasm.
You kill the endoplasm!
Menkaure hits your crimson imp!!
Your crimson imp dies!
Your crimson imp disappears in a puff of smoke!
Menkaure calls on the powers of darkness!
Your body is wracked with pain!
* * * LOW HITPOINT WARNING * * *
Casting: Call Imp (safe; 11% risk of failure)
Confirm with . or Enter, or press ? or * to list all spells.
A beastly little devil appears in a puff of flame.
Menkaure gestures at you while chanting.
You struggle to resist.
You swap places.
Menkaure calls on the powers of darkness!
Your body is wracked with pain!
* * * LOW HITPOINT WARNING * * *
Your crimson imp hits Menkaure.
Your crimson imp hits Menkaure.
Menkaure hits your crimson imp!
Your crimson imp dies!
Your crimson imp disappears in a puff of smoke!
There is a large open door here.
There is a large open door here.
Menkaure calls on the powers of darkness!
Your body is wracked with pain!
* * * LOW HITPOINT WARNING * * *
You close the large door.
Casting: Call Imp (safe; 11% risk of failure)
Confirm with . or Enter, or press ? or * to list all spells.
A metallic apparition takes form in the air.
Menkaure opens the large door.
Menkaure sighs, "Let me perform the rites..."
Menkaure points at you and mumbles some strange words.
Pain shoots through your body!
You die...

.............#.###########
........(###.#.#########
.........###...........#
..............#........#
########.#...##........#
#)#....+........#
#.#.####..†.....# #...#
#........# ##.##
#.@......# #.# #........#
###.# #........# ##...#
#..5.....# ##
##..########'####### .#
#........###M####
.####.#...).........#
.#....#.............#
...####.............#


You could see Menkaure (fast, ally target) and a friendly iron imp (summoned).

Vanquished Creatures
  Grinder (D:3)
  A necrophage (D:4)
  A hound (D:4)
  2 orc priests
  Natasha (thrice) (D:2)
  3 orc wizards
  Robin (D:3)
  3 adders
  3 gnolls (D:3)
  3 dart slugs
  10 orcs
  8 endoplasms
  3 giant cockroaches
  11 hobgoblins
  6 kobolds
  10 ball pythons
  5 bats
  4 frilled lizards
  16 goblins
  7 rats
101 creatures vanquished.

Notes
Turn   | Place    | Note
-------+----------+-------------------------------------------
     0 | D:1      | pokeman the Deep Elf Hedge Wizard began the quest for the
                  | Orb.
     0 | D:1      | Reached XP level 1. HP: 10/10 MP: 7/7
   383 | D:1      | Reached XP level 2. HP: 16/16 MP: 5/9
   421 | D:1      | You fall into a shaft and drop 1 floor!
   592 | D:2      | Noticed Natasha
  1019 | D:1      | Reached skill level 5 in Spellcasting
  1185 | D:1      | Reached XP level 3. HP: 20/20 MP: 7/11
  1189 | D:1      | Learned a level 3 spell: Mephitic Cloud
  1192 | D:1      | Learned a level 2 spell: Call Imp
  1195 | D:1      | Learned a level 2 spell: Blink
  1928 | D:2      | Killed Natasha
  1929 | D:2      | Reached skill level 1 in Fighting
  1929 | D:2      | Reached skill level 1 in Armour
  2001 | D:2      | Reached XP level 4. HP: 25/25 MP: 9/13
  2004 | D:2      | Noticed Natasha
  2012 | D:2      | Killed Natasha
  2122 | D:2      | Identified the +6 short sword of Gifuf {flame, rElec Int+8
                  | Dex+8 Stlth-}
  2541 | D:2      | Noticed Natasha
  2551 | D:2      | Killed Natasha
  2602 | D:3      | Reached skill level 6 in Spellcasting
  2711 | D:3      | Reached XP level 5. HP: 29/29 MP: 13/15
  3117 | D:3      | Noticed Grinder
  3120 | D:3      | Paralysed by Grinder for 2 turns
  3131 | D:3      | Paralysed by Grinder for 5 turns
  3182 | D:3      | Killed Grinder
  3183 | D:3      | Reached skill level 7 in Spellcasting
  3183 | D:3      | Reached skill level 1 in Air Magic
  3183 | D:3      | Reached XP level 6. HP: 14/34 MP: 1/18
  3322 | D:3      | Noticed Robin
  3344 | D:3      | Killed Robin
  3957 | D:4      | Reached XP level 7. HP: 36/38 MP: 14/20
  4294 | D:4      | Reached skill level 8 in Spellcasting
  4294 | D:4      | Reached skill level 1 in Poison Magic
  4546 | D:4      | Noticed Menkaure
  4572 | D:4      | Killed from afar by Menkaure

Illustrated notes

Levels and vault maps discovered:
D:1:      dpeg_arrival_morbid_curiosity, layout_loops_ring
D:2:      layout_rooms, serial_co_window_serial, co_window_paths_a,
          co_window_paths_a, co_window_corner_a, co_window_paths_b,
          co_window_corner_a, co_window_of_opportunity_a, co_window_2corner,
          co_window_corner_cb, co_window_2corner, co_window_2corner,
          co_window_2corner, glass_columns_b, uniq_natasha
D:3:      layout_basic, uniq_grinder, uniq_robin
D:4:      layout_basic, uniq_menkaure

Skill      XL: |  1  2  3  4  5  6  7 |
---------------+----------------------+-----
Spellcasting   | 5 6 7 8 |  8.1
Fighting       | 1 |  1.6
Armour         | 1 |  1.1
Conjurations   | 2 3 |  3.9
Stealth        | 3 |  3.0
Dodging        | 3 4 |  4.0
Air Magic      | 1 2 |  2.0
Poison Magic   | 1 |  1.2
Summonings     | |  1.1
Translocations | |  1.1

Action                   |  1- 3 |  4- 6 |  7- 9 || total
-------------------------+-------+-------+-------++-------
Melee: Dagger            |     7 |       |       ||     7
       Hand axe          |     4 |    20 |       ||    24
       Halberd           |       |    28 |    11 ||    39
 Cast: Magic Dart        |    87 |    75 |    33 ||   195
       Mephitic Cloud    |     1 |     6 |     3 ||    10
       Call Imp          |       |     3 |     3 ||     6
       Blink             |       |     2 |       ||     2
 Stab: Confused          |     2 |     2 |     1 ||     5
       Sleeping          |     1 |     1 |       ||     2
Armor: Robe              |     1 |     5 |       ||     6
       Leather armour    |       |    10 |    10 ||    20
Dodge: Dodged            |     9 |    37 |    17 ||    63

Table legend: (Time is in decaauts)
 A = Elapsed time spent in this place.
 B = Non-inter-level travel time spent in this place.
 C = Inter-level travel time spent in this place.
 D = Time resting spent in this place.
 E = Time spent auto-exploring this place.
 F = Levels seen in this place.
 G = Mean time per level.
                   A        B        C        D        E       F      G
               +--------+--------+--------+--------+--------+-----+--------+
         Total |   4597 |   4432 |    165 |      5 |   3684 |   4 | 1149.2 |
       Dungeon |   4597 |   4432 |    165 |      5 |   3684 |   4 | 1149.2 |
               +--------+--------+--------+--------+--------+-----+--------+

Top non-repeatable levels by time:
     D:1: 1385 daAuts
     D:3: 1325 daAuts
     D:2: 1208 daAuts
     D:4: 677 daAuts
